 Dungeon Crawl Stone Soup version 0.21.1-1-g345015fe64 (webtiles) character file.

135 bogue1979 the Poker (level 5, -3/41 HPs)
             Began as a Merfolk Skald on Feb 9, 2018.
             Killed by divine providence
             ... invoked by an orc priest
              (14 damage)
             ... on level 3 of the Dungeon.
             The game lasted 00:10:34 (2750 turns).

bogue1979 the Poker (Merfolk Skald)                 Turns: 2750, Time: 00:10:34

Health: -3/41      AC:  6    Str: 12    XL:     5   Next: 18%
Magic:  8/8        EV: 12    Int: 13    God:
Gold:   71         SH:  0    Dex: 13    Spells: 2/8 levels left

rFire    . . .     SeeInvis .   a - +0 spear
rCold    . . .     Gourm    .   (no shield)
rNeg     . . .     Faith    .   e - +0 ring mail
rPois    .         Spirit   .   (no helmet)
rElec    .         Reflect  .   (no cloak)
rCorr    .         Harm     .   q - +0 pair of gloves
MR       .....                  (no boots)
Stlth    ++........             (no amulet)
HPRegen  0.13/turn              n - ring of stealth
MPRegen  0.11/turn              (no ring)

@: no status effects
A: change form in water, swift swim, stealthy swim
a: no special abilities


You were on level 3 of the Dungeon.
You were not hungry.

You visited 1 branch of the dungeon, and saw 3 of its levels.

You collected 71 gold pieces.

Inventory:

Hand Weapons
 a - a +0 spear (weapon)
 h - a cursed -3 hunting sling
Missiles
 f - 19 sling bullets
 r - 66 stones (quivered)
Armour
 b - a +0 leather armour
 e - a +0 ring mail (worn)
 q - a +0 pair of gloves (worn)
Jewellery
 n - a ring of stealth (left hand)
Scrolls
 g - 3 scrolls of enchant weapon {unknown}
 i - a scroll of identify {unknown}
 k - a scroll of teleportation {unknown}
 o - 2 scrolls of remove curse {unknown}
 p - 4 scrolls of amnesia {unknown}
 s - a scroll of immolation {unknown}
 t - a scroll of noise {unknown}
Potions
 j - 2 potions of might {unknown}
 l - 4 potions of lignification {unknown}
 m - 2 potions of heal wounds {unknown}
 u - a potion of cancellation {unknown}
Books
 c - a book of Battle

   Spells                             Type                      Level
   a - Infusion                       Charms                       1
   b - Shroud of Golubria             Charms/Translocation         2
   c - Song of Slaying                Charms                       2
   d - Spectral Weapon                Hexes/Charms                 3
   e - Regeneration                   Charms/Necromancy            3
Comestibles
 d - 4 rations
 v - 3 chunks of flesh


   Skills:
 + Level 3.4 Fighting
 + Level 4.5 Polearms
 + Level 1.8 Armour
 + Level 4.1 Dodging
 - Level 2.0 Spellcasting
 - Level 3.2 Charms


You had 2 spell levels left.
You knew the following spells:

 Your Spells              Type           Power        Failure   Level  Hunger
a - Infusion              Chrm           #...         14%         1    ##.....
b - Shroud of Golubria    Chrm/Tloc      #.........   41%         2    ###....
c - Spectral Weapon       Hex/Chrm       #.......     65%         3    ####...


Dungeon Overview and Level Annotations

Branches:
Dungeon (3/15)

Altars:
Elyvilon
Nemelex Xobeh
Uskayaw
Vehumet
Wu Jian

Annotations:
D:3 Natasha


Message History

Attack whom?
Press: ? - help, Dir - move target cursor, f/p - orc priest
Aim: an orc priest, wielding a short sword, wearing a ring mail and wearing a large bone ring (moderately wounded)
You reach to attack!
You closely miss the orc priest.
The orc priest is moderately wounded.
The orc hits you but does no damage.
Attack whom?
Press: ? - help, Dir - move target cursor, f/p - orc priest
Aim: an orc priest, wielding a short sword, wearing a ring mail and wearing a large bone ring (moderately wounded)
The orc is in the way.
You closely miss the orc.
The orc is heavily wounded.
Attack whom?
Press: ? - help, Dir - move target cursor, f/p - orc priest
Aim: an orc priest, wielding a short sword, wearing a ring mail and wearing a large bone ring (moderately wounded)
The orc is in the way.
You closely miss the orc.
The orc is heavily wounded.
The orc hits you but does no damage.
The orc priest calls down the wrath of Beogh upon you.
Beogh smites you!
You die...

.#.......#.#.###...# #......
.#.......#.......#.# #......
.......###.#.#####.# #......
..#....###.#.# #.# ####......
......<......# #.### #...>.....
.......#.#.### ##...# ###......#
.###...#.....####....###........#
.# #########......_......#......#
## ## #####@...####.#......# ..
###### #.o.## #.#......# #.#
#....# ###)# #........# ####..
#....# #o# #........#
...##.##....#####)#####..#######
................[........#
..................#......#
......(...........#......#
..).....###..?.###########


You could see an orc priest and an orc.

Vanquished Creatures
  6 adders
  An ooze (D:1)
  2 worms (D:2)
  4 dart slugs (D:1)
  2 leopard geckos
  7 orcs
  2 giant cockroaches
  4 goblins
  10 hobgoblins
  A quokka (D:3)
  8 bats
  3 frilled lizards
  3 kobolds
  5 rats
58 creatures vanquished.

Notes
Turn   | Place    | Note
-------+----------+-------------------------------------------
     0 | D:1      | bogue1979 the Merfolk Skald began the quest for the Orb.
     0 | D:1      | Reached XP level 1. HP: 16/16 MP: 3/3
   184 | D:1      | Reached skill level 1 in Armour
   184 | D:1      | Reached XP level 2. HP: 23/23 MP: 5/5
   188 | D:1      | Learned a level 2 spell: Shroud of Golubria
   649 | D:1      | Reached XP level 3. HP: 27/28 MP: 6/6
   665 | D:1      | Learned a level 3 spell: Spectral Weapon
  1102 | D:2      | Found a hide-covered altar of Uskayaw.
  1103 | D:2      | Found a radiant altar of Vehumet.
  1103 | D:2      | Found a sparkling altar of Nemelex Xobeh.
  1104 | D:2      | Found a white marble altar of Elyvilon.
  1747 | D:2      | Reached XP level 4. HP: 21/35 MP: 7/7
  2339 | D:3      | Noticed Natasha
  2361 | D:3      | Found an ornate altar of the Wu Jian Council.
  2554 | D:3      | Reached XP level 5. HP: 36/41 MP: 8/8
  2750 | D:3      | Killed from afar by an orc priest

Skill      XL: |  1  2  3  4 |
---------------+-------------+-----
Armour         | 1 |  1.8
Dodging        | 3 4 |  4.1
Fighting       | 3 |  3.4
Polearms       | 4 |  4.5
Spellcasting   | |  2.0
Charms         | |  3.2

Action                   |  1- 3 |  4- 6 || total
-------------------------+-------+-------++-------
Melee: Spear             |   165 |   165 ||   330
 Stab: Sleeping          |     7 |     1 ||     8
  Eat: Chunk             |     3 |     3 ||     6
Armor: Ring mail         |    30 |    43 ||    73
Dodge: Dodged            |    68 |    81 ||   149
